 Dungeon Crawl Stone Soup version 0.31-a0-854-g362426d53f (webtiles) character file.

Game seed: 15985570910784097614

55 Agrostarius the Trooper (level 4, 0/54 HPs)
             Began as a Human Berserker on Oct 8, 2023.
             Was a Believer of Trog.
             Slain by an orc priest
             ... wielding a +0 hand axe
              (4 damage)
             ... on level 3 of the Dungeon.
             The game lasted 00:04:07 (1245 turns).

Agrostarius the Trooper (Human Berserker)           Turns: 1245, Time: 00:04:07

Health: 0/54       AC:  3    Str: 19    XL:     4   Next: 14%
Magic:  4/4        EV: 12    Int:  7    God:    Trog [**....]
Gold:   111        SH:  0    Dex: 13    Spells: 3/3 levels left

rFire   . . .        c - +3 mace
rCold   . . .        (no shield)
rNeg    . . .        k - +0 leather armour
rPois   .            (no helmet)
rElec   .            (no cloak)
rCorr   .            (no gloves)
SInv    .            (no boots)
Will    .....        (no amulet) Stlth
                     (no ring)
HPRegen 0.29/turn    (no ring)
MPRegen 0.09/turn

%: no passive effects
@: berserking, very quick
A: no striking features
a: Renounce Religion, Berserk, Trog's Hand


You were on level 3 of the Dungeon.
You worshipped Trog.
Trog was pleased with you.
You visited 1 branch of the dungeon, and saw 3 of its levels.

You collected 111 gold pieces.

Inventory:

Hand Weapons
 c - a +3 mace (weapon)
 h - a +2 rapier of venom
Missiles
 j - 4 poisoned darts
Armour
 b - a +0 animal skin
 k - a +0 leather armour (worn)
Talismans
 g - a beast talisman
Scrolls
 d - 2 scrolls of vulnerability {unknown}
 e - 2 scrolls of enchant weapon {unknown}
 i - a scroll of teleportation {unknown}
 l - 2 scrolls of blinking {unknown}
 o - a scroll of identify {unknown}
Potions
 a - a potion of berserk rage {unknown}
 f - a potion of enlightenment {unknown}
 m - a potion of ambrosia {unknown}
 n - a potion of resistance {unknown}


   Skills:
 + Level 3.6 Fighting
 - Level 3.0 Short Blades
 * Level 2.0 Maces & Flails
 + Level 2.1 Armour
 + Level 2.4 Dodging
 - Level 0.2 Stealth


You had 3 spell levels left.
You didn't know any spells.
Your spell library contained the following spells:

 Spells                   Type           Power      Damage    Failure   Level
 Magic Dart               Conj           0%         1d3       50%         1
 Searing Ray              Conj           0%         2d4       63%         2
 Fulminant Prism          Conj/Hex       0%         3d5       99%         4


Dungeon Overview and Level Annotations

Branches:
Dungeon (3/15)

Altars:

Shops:
D:1 ((


Message History

The orc wizard barely misses you.
The orc priest hits you with a +0 hand axe.
You completely miss the orc wizard.
The orc wizard is lightly wounded.
The orc shouts!
An orc comes into view. It is wielding a +0 whip.
The orc barely misses you. The orc priest barely misses you.
The orc wizard closely misses you.
You barely miss the orc wizard.
The orc wizard is lightly wounded.
The orc shouts!
The orc hits you with a +0 dagger. The orc hits you with a +0 flail.
The orc priest invokes the aid of Beogh against you.
You barely resist.
The orc wizard gestures at you while chanting.
The magic dart hits you!
Okay, then.
You barely miss the orc priest. The orc hits you with a +0 dagger.
The orc closely misses you. The orc priest barely misses you.
You sock the orc priest!
The orc priest is heavily wounded.
The orc hits you with a +0 dagger.
The orc wizard mumbles some strange words.
The orc wizard flickers and vanishes!
Deactivating autopickup; reactivate with Ctrl-A.
The orc barely misses you.
The orc priest hits you with a +0 hand axe.
* * * LOW HITPOINT WARNING * * *
You barely miss the orc. The orc hits you with a +0 dagger.
* * * LOW HITPOINT WARNING * * *
The orc hits you with a +0 dagger.
* * * LOW HITPOINT WARNING * * *
The orc priest hits you with a +0 hand axe.
* * * LOW HITPOINT WARNING * * *
You closely miss the orc. You closely miss the orc.
The orc hits you with a +0 hand axe.
* * * LOW HITPOINT WARNING * * *
The orc closely misses you. The orc completely misses you.
The orc priest hits you with a +0 hand axe.
You die...

..#.# ..#.# #.#.## #..>.
######## ###..#
..#......# #...# .
......oo.####.#.#######.
......o@o.........<...>.
......{oo.######......##
.......o)$# ######...
..........# ###.
..........# .
..........# .
.........## # ..#.....##


You could see an orc priest and 6 orcs.

Vanquished Creatures
  A gnoll (D:1)
  An adder (D:2)
  A worm (D:2)
  3 endoplasms
  4 giant cockroaches
  2 goblins (D:1)
  4 hobgoblins
  2 quokkas (D:1)
  5 ball pythons
  2 bats
  A frilled lizard (D:2)
  4 kobolds
  2 rats (D:2)
32 creatures vanquished.

Notes
Turn   | Place    | Note
-------+----------+-------------------------------------------
     0 | D:1      | Agrostarius the Human Berserker began the quest for the
                  | Orb.
     0 | D:1      | Reached XP level 1. HP: 18/18 MP: 1/1
   180 | D:1      | Reached XP level 2. HP: 23/24 MP: 2/2
   423 | D:1      | Found Xishroamp's Weapon Emporium.
   479 | D:1      | Reached skill level 1 in Maces & Flails
   479 | D:1      | Reached XP level 3. HP: 28/29 MP: 3/3
   573 | D:1      | Found Messenyr's Antique Weapon Emporium.
   822 | D:2      | Reached ** piety under Trog
   903 | D:2      | Reached XP level 4. HP: 33/36 MP: 4/4
  1245 | D:3      | Slain by an orc priest

Illustrated notes

Levels and vault maps discovered:
D:1:      dpeg_arrival_refuge, layout_basic, serial_shops,
          nicolae_shop_competitors_out_of_business, nicolae_shop_waterfront
D:2:      layout_rooms
D:3:      layout_rooms, gammafunk_temple_overflow_statue,
          uniq_crazy_yiuf_cottage

Skill      XL: |  1  2  3  4 |
---------------+-------------+-----
Maces & Flails | 1 2 |  2.0
Fighting       | |  3.6
Short Blades   | |  3.0
Armour         | |  2.1
Dodging        | |  2.4
Stealth        | |  0.2

Action                     |  1- 3 |  4- 6 || total
---------------------------+-------+-------++-------
  Melee: Mace              |    67 |    22 ||    89
         Punch             |     1 |       ||     1
 Invoke: Berserk           |       |     1 ||     1
   Stab: Sleeping          |     1 |     1 ||     2
 Armour: Animal skin       |    32 |       ||    32
         Leather armour    |     5 |    19 ||    24
  Dodge: Dodged            |    43 |    19 ||    62

Table legend: (Time is in decaauts)
 A = Elapsed time spent in this place.
 B = Non-inter-level travel time spent in this place.
 C = Inter-level travel time spent in this place.
 D = Time resting spent in this place.
 E = Time spent auto-exploring this place.
 F = Levels seen in this place.
 G = Mean time per level.
                   A        B        C        D        E       F      G
               +--------+--------+--------+--------+--------+-----+--------+
         Total |   1271 |   1271 |      0 |      0 |    927 |   3 |  423.7 |
       Dungeon |   1271 |   1271 |      0 |      0 |    927 |   3 |  423.7 |
               +--------+--------+--------+--------+--------+-----+--------+

Top non-repeatable levels by time:
     D:1: 726 daAuts
     D:2: 513 daAuts
     D:3: 30 daAuts
